 Dungeon Crawl Stone Soup version 0.23-a0-644-gb60d84b (webtiles) character file.

185 Borgoz the Skirmisher (level 5, -9/47 HPs)
             Began as a Hill Orc Abyssal Knight on Jan 1, 2019.
             Was a Believer of Lugonu.
             Mangled by an ogre
             ... wielding a +0 giant spiked club
              (19 damage)
             ... on level 5 of the Dungeon.
             The game lasted 00:05:12 (4972 turns).

Borgoz the Skirmisher (Hill Orc Abyssal Knight)     Turns: 4972, Time: 00:05:13

Health: -9/47      AC:  6    Str: 15    XL:     5   Next: 64%
Magic:  7/7        EV: 10    Int: 12    God:    Lugonu [**....]
Gold:   245        SH:  0    Dex: 11    Spells: 4/4 levels left

rFire    . . .     SeeInvis .   a - +2 hand axe
rCold    . . .     Gourm    .   (no shield)
rNeg     . . .     Faith    .   d - +0 scale mail
rPois    +         Spirit   .   (no helmet)
rElec    .         Reflect  .   (no cloak)
rCorr    .         Harm     .   (no gloves)
MR       .....                  (no boots)
Stlth    ..........             (no amulet)
HPRegen  0.15/turn              q - ring of poison resistance
MPRegen  0.10/turn              (no ring)

@: no status effects
A: no striking features
a: Depart the Abyss, Bend Space, Renounce Religion


You were on level 5 of the Dungeon.
You worshipped Lugonu.
Lugonu was pleased with you.
You were hungry.

You visited 1 branch of the dungeon, and saw 5 of its levels.
You visited the Abyss 1 time.

You collected 245 gold pieces.

Inventory:

Hand Weapons
 a - a +2 hand axe (weapon)
Missiles
 m - 5 tomahawks (quivered)
Armour
 d - a +0 scale mail (worn)
Jewellery
 q - a ring of poison resistance (left hand)
Scrolls
 e - a scroll of enchant weapon
 g - 4 scrolls of teleportation
 i - 2 scrolls of remove curse {unknown}
 j - 3 scrolls of magic mapping {unknown}
 p - a scroll of random uselessness {unknown}
 t - a scroll of enchant armour {unknown}
 u - a scroll of amnesia {unknown}
Potions
 b - 6 potions of curing
 f - 3 potions of heal wounds
 h - a potion of mutation {unknown}
 k - 2 potions of berserk rage
 n - a potion of might {unknown}
 o - 3 potions of lignification
 r - a potion of degeneration {unknown}
Comestibles
 c - 10 rations
 s - 3 chunks of flesh


   Skills:
 + Level 4.6 Fighting
 + Level 4.2 Axes
 + Level 3.3 Armour
 + Level 1.9 Dodging
 + Level 3.8 Invocations


You had 4 spell levels left.
You didn't know any spells.
Your spell library contained the following spells:

 Spells                   Type           Power        Failure   Level  Hunger
 Magic Dart               Conj           #...         77%         1    ##.....
 Blink                    Tloc           N/A          88%         2    ###....
 Call Imp                 Summ           #.......     88%         2    ###....
 Slow                     Hex            #.......     88%         2    ###....
 Conjure Flame            Conj/Fire      #.......     98%         3    ####...
 Mephitic Cloud           Conj/Pois/Air  #.......     98%         3    ####...


Dungeon Overview and Level Annotations

Branches:
Dungeon (5/15)
 Temple: D:4-7

Altars:
Fedhas
Nemelex Xobeh
Uskayaw

Annotations:
D:5 Edmund


Message History

The ogre hits you with a +0 giant spiked club!
You hit the ogre.
The ogre is severely wounded.
The ogre closely misses you.
You hit the ogre.
The ogre is severely wounded.
The ogre hits you with a +0 giant spiked club!
* * * LOW HITPOINT WARNING * * *
Your scale mail prevents you from hitting the ogre.
The ogre is severely wounded.
You feel much better.
The ogre hits you with a +0 giant spiked club!
Your scale mail prevents you from hitting the ogre.
The ogre is severely wounded.
The ogre hits you with a +0 giant spiked club!
* * * LOW HITPOINT WARNING * * *
You hit the ogre.
The ogre is severely wounded.
The ogre hits you with a +0 giant spiked club!!
You die...

### $. #.
########
.#####.##......#
.>.....O@....#
...%##.##.##.# .
... #.# #.###
#.# # #.. .# ###
..# #.# #.# #.#


You could see an ogre.

Vanquished Creatures
  A worker ant (D:4)
  3 gnolls (D:3)
  3 adders
  A shadow imp (D:5)
  An adder zombie (D:5)
  An adder skeleton (D:5)
  5 worms
  A leopard gecko (D:3)
  6 orcs
  A ball python (D:5)
  9 bats
  4 giant cockroaches
  4 goblins
  5 hobgoblins
  2 jackals (D:1)
  8 kobolds
  3 quokkas
  6 frilled lizards
  8 rats
72 creatures vanquished.

Notes
Turn   | Place    | Note
-------+----------+-------------------------------------------
     0 | Abyss:1  | Borgoz the Hill Orc Abyssal Knight began the quest for the
                  | Orb.
     0 | Abyss:1  | Reached XP level 1. HP: 19/19 MP: 2/2
     3 | Abyss:1  | Found a corrupted altar of Lugonu.
    64 | Abyss:2  | Noticed a hellwing
    65 | D:1      | Escaped the Abyss
   150 | D:1      | Reached skill level 1 in Dodging
   150 | D:1      | Reached XP level 2. HP: 27/27 MP: 3/3
   151 | D:1      | Reached * piety under Lugonu
   501 | D:2      | Reached XP level 3. HP: 28/33 MP: 5/5
   668 | D:2      | Found a faded altar of an unknown god.
   781 | D:2      | Found a hide-covered altar of Uskayaw.
   946 | D:2      | Reached XP level 4. HP: 16/40 MP: 6/6
  1268 | D:2      | Reached ** piety under Lugonu
  3136 | D:3      | Reached XP level 5. HP: 16/47 MP: 7/7
  4679 | D:4      | Found a blossoming altar of Fedhas.
  4679 | D:4      | Found a sparkling altar of Nemelex Xobeh.
  4729 | D:5      | Entered Level 5 of the Dungeon
  4936 | D:5      | Noticed Edmund
  4945 | D:5      | Noticed an ogre
  4972 | D:5      | Mangled by an ogre

Vault maps used:
D:1:      eino_arrival_druids_welcome, minmay_misc_feat_more_columns
D:2:      eat_drink_and_be_merry_uskayaw,
          chequers_ecumenical_altar_simple_redux, chequers_serial_rivers_room_a,
          kennysheep_generic_room_3
D:3:      first_ration
D:4:      gammafunk_temple_overflow_elements
D:5:      serial_glass, glass_columns_a, glass_columns_c, uniq_edmund
Abyss:2:  evilmike_abyss_exit_14

Skill      XL: |  1  2  3  4  5 |
---------------+----------------+-----
Dodging        | 1 |  1.9
Axes           | 3 4 |  4.2
Invocations    | 3 |  3.8
Fighting       | 4 |  4.6
Armour         | 3 |  3.3

Action                   |  1- 3 |  4- 6 || total
-------------------------+-------+-------++-------
Melee: Hand axe          |    97 |   192 ||   289
Invok: Depart the Abyss  |     1 |       ||     1
  Use: Scroll            |     2 |     6 ||     8
       Potion            |       |     1 ||     1
  Eat: Chunk             |       |     9 ||     9
       Ration            |       |     1 ||     1
Armor: Scale mail        |    33 |    85 ||   118
Dodge: Dodged            |    48 |    94 ||   142

Table legend:
 A = Non-vault XP
 B = Vault XP
 C = Vault XP percentage of total XP
 D = Non-vault monster count
 E = Vault monster count
 F = Vault count percentage of total count
                 A         B        C        D         E       F
            +---------+---------+-------+---------+---------+-------
      Total |     264 |       1 |   0.4 |      71 |       1 |   1.4
            +---------+---------+-------+---------+---------+-------
        D:1 |      26 |       0 |   0.0 |      16 |       0 |   0.0
        D:2 |      72 |       1 |   1.4 |      23 |       1 |   4.2
        D:3 |      86 |       0 |   0.0 |      20 |       0 |   0.0
        D:4 |      51 |       0 |   0.0 |       7 |       0 |   0.0
        D:5 |      29 |       0 |   0.0 |       5 |       0 |   0.0
            +---------+---------+-------+---------+---------+-------
